 Dungeon Crawl Stone Soup version 0.30.1-11-g7821555f0a (webtiles) character file.

Game seed: 14346182576639534745

293 jfcaron the Stinger (level 6, -2/44 HPs)
             Began as a Gnoll Venom Mage on Nov 20, 2023.
             Slain by a gnoll bouda
             ... wielding a +0 club
              (7 damage)
             ... on level 4 of the Dungeon.
             The game lasted 00:06:43 (3017 turns).

jfcaron the Stinger (Gnoll Venom Mage)              Turns: 3017, Time: 00:06:44

Health: -2/44      AC:  2    Str:  8    XL:     6   Next: 33%
Magic:  8/14       EV: 14    Int: 16    God:
Gold:   146        SH:  0    Dex: 18    Spells: 9/15 levels left

rFire   + . .        o - +2 dagger (venom)
rCold   . . .        (no shield)
rNeg    . . .        a - +0 robe
rPois   .            (no helmet)
rElec   .            (no cloak)
rCorr   .            (no gloves)
SInv    .            (no boots)
Will    .....        D - amulet of the acrobat
Stlth   +++          s - ring of protection from fire
HPRegen 0.27/turn    v - +6 ring of dexterity
MPRegen 0.14/turn

%: acrobat
@: weakened, very slightly contaminated
A: fangs 1, strong nose, distributed training
a: no special abilities


You were on level 4 of the Dungeon.
You visited 1 branch of the dungeon, and saw 4 of its levels.

You collected 146 gold pieces.

Inventory:

Hand Weapons
 d - a +0 spear
 i - a +0 dagger
 o - a +2 dagger of venom (weapon)
   (You took it off a goblin on level 2 of the Dungeon)
Missiles
 e - 36 stones
 E - 4 poisoned darts
Armour
 a - a +0 robe (worn)
 p - a +0 leather armour
Magical Staves
 q - a staff of conjuration
   (You found it on level 2 of the Dungeon)
Jewellery
 s - a ring of protection from fire (left hand)
   (You found it on level 2 of the Dungeon)
 v - a +6 ring of dexterity (right hand)
   (You found it on level 3 of the Dungeon)
 D - an amulet of the acrobat (around neck)
   (You found it on level 4 of the Dungeon)
Wands
 w - a wand of flame (8)
Scrolls
 c - 2 scrolls of identify
 g - 3 scrolls of teleportation {unknown}
 h - a scroll of enchant armour {unknown}
 k - a scroll of fear {unknown}
 n - a scroll of amnesia {unknown}
 r - 2 scrolls of blinking {unknown}
 y - a scroll of brand weapon {unknown}
 A - a scroll of poison {unknown}
 B - a scroll of butterflies {unknown}
 C - a scroll of noise {unknown}
Potions
 b - 2 potions of magic
 f - a potion of cancellation
 j - a potion of lignification {unknown}
 l - a potion of invisibility {unknown}
 m - 3 potions of curing {unknown}
 t - 2 potions of heal wounds {unknown}
 u - 2 potions of brilliance {unknown}
 x - a potion of resistance {unknown}
 z - a potion of attraction {unknown}


   Skills:
 + Level 2.0 Fighting
 + Level 2.0 Short Blades
 + Level 2.0 Long Blades
 + Level 2.0 Axes
 + Level 2.0 Maces & Flails
 + Level 2.0 Polearms
 + Level 2.0 Staves
 + Level 2.0 Ranged Weapons
 + Level 2.0 Throwing
 + Level 2.0 Armour
 + Level 5.0 Dodging
 + Level 4.6 Stealth
 + Level 2.0 Shields
 + Level 2.0 Unarmed Combat
 + Level 5.4 Spellcasting
 + Level 1.5 Conjurations
 + Level 1.5 Hexes
 + Level 1.5 Summonings
 + Level 1.5 Necromancy
 + Level 1.5 Translocations
 + Level 2.6 Transmutations
 + Level 1.5 Fire Magic
 + Level 1.5 Ice Magic
 + Level 1.5 Air Magic
 + Level 1.5 Earth Magic
 + Level 5.6 Poison Magic
 + Level 2.2 Invocations
 + Level 2.0 Evocations


You had 9 spell levels left.
You knew the following spells:

 Your Spells              Type           Power      Damage    Failure   Level
a - Sting                 Tmut/Pois      68%        1d6       2%          1
b - Poisonous Vapours     Pois/Air       30%        N/A       4%          2
c - Mephitic Cloud        Conj/Pois/Air  13%        N/A       13%         3

Your spell library contained the following spells:

 Spells                   Type           Power      Damage    Failure   Level
 Olgreb's Toxic Radiance  Pois           22%        N/A       14%         4


Dungeon Overview and Level Annotations

Branches:
Dungeon (4/15)
 Temple: D:4-7

Altars:
Fedhas
Okawaru


Innate Abilities, Weirdness & Mutations

You have very sharp teeth.
Your uncanny sense of smell can sniff out nearby items.
Your experience applies equally to all skills.


Message History

The gnoll hits you with a +0 club! The gnoll closely misses you.
Casting: Sting (safe; 2% risk of failure)
Confirm with . or Enter, or press ? or * to list all spells.
Aiming: Sting (safe; 2% risk of failure)
Press: ? - help, Shift-Dir - straight line, f/p - gnoll
Aim: a gnoll, wielding a +0 club (severely wounded, very poisoned, 77% to hit)
You miscast Sting.
You are very lightly contaminated with residual magic.
Nothing appears to happen.
The gnoll hits you from afar with a +0 spear.
The gnoll hits you with a +0 club.
Casting: Sting (safe; 2% risk of failure)
Confirm with . or Enter, or press ? or * to list all spells.
Aiming: Sting (safe; 2% risk of failure)
Press: ? - help, Shift-Dir - straight line, f/p - gnoll
Aim: a gnoll, wielding a +0 club (almost dead, very poisoned, 77% to hit)
The sting hits the gnoll but does no damage.
The gnoll looks even sicker.
The gnoll is almost dead.
The gnoll misses you. The gnoll hits you but does no damage.
Casting: Sting (safe; 2% risk of failure)
Confirm with . or Enter, or press ? or * to list all spells.
Aiming: Sting (safe; 2% risk of failure)
Press: ? - help, Shift-Dir - straight line, f/p - gnoll
Aim: a gnoll, wielding a +0 club (almost dead, very poisoned, 77% to hit)
The sting hits the gnoll.
The gnoll looks as sick as possible!
You kill the gnoll!
The gnoll hits you from afar with a +0 spear!
* * * LOW HITPOINT WARNING * * *
Casting: Sting (safe; 2% risk of failure)
Confirm with . or Enter, or press ? or * to list all spells.
Aiming: Sting (safe; 2% risk of failure)
Press: ? - help, Shift-Dir - straight line, f - gnoll bouda
Aim: a gnoll bouda, wielding a +0 club and wearing a +0 leather armour (77% to hit)
The sting hits the gnoll bouda but does no damage.
The gnoll bouda is poisoned.
The gnoll hits you from afar with a +0 spear.
* * * LOW HITPOINT WARNING * * *
The gnoll bouda hits you with a +0 club!
You die...

# #. #.. #...
#.#..##########...
#.....$.gg@.......
#######.g#######.#
#.........#
#########..##
#......##...## #
#.####.###...#.#
#.# #.# #.#...## ∆
######.###......#
#.............#


You could see a gnoll bouda (poisoned) and 2 gnolls.

Vanquished Creatures
  A water moccasin (D:3)
  Jessica (D:2)
  Ijyb (D:3)
  An iguana (D:3)
  A gnoll (D:4)
  4 adders
  An orc (D:3)
  4 bats
  8 endoplasms
  A giant cockroach (D:1)
  5 goblins
  5 hobgoblins
  3 jackals (D:1)
  6 kobolds
  4 quokkas
  10 ball pythons
  6 frilled lizards
  A rat (D:3)
63 creatures vanquished.

Notes
Turn   | Place    | Note
-------+----------+-------------------------------------------
     0 | D:1      | jfcaron the Gnoll Venom Mage began the quest for the Orb.
     0 | D:1      | Reached XP level 1. HP: 13/13 MP: 6/6
   130 | D:1      | Reached XP level 2. HP: 19/19 MP: 1/7
   280 | D:1      | Found a faded altar of an unknown god.
   632 | D:1      | Reached skill level 5 in Spellcasting
   632 | D:1      | Reached XP level 3. HP: 25/25 MP: 6/9
  1020 | D:1      | Reached skill level 1 in Invocations
  1055 | D:1      | You fall into a shaft and drop 1 floor!
  1055 | D:2      | Found an iron altar of Okawaru.
  1224 | D:2      | Learned a level 2 spell: Poisonous Vapours
  1274 | D:2      | Reached skill level 1 in Fighting
  1274 | D:2      | Reached skill level 1 in Short Blades
  1274 | D:2      | Reached skill level 1 in Long Blades
  1274 | D:2      | Reached skill level 1 in Axes
  1274 | D:2      | Reached skill level 1 in Maces & Flails
  1274 | D:2      | Reached skill level 1 in Polearms
  1274 | D:2      | Reached skill level 1 in Staves
  1274 | D:2      | Reached skill level 1 in Ranged Weapons
  1274 | D:2      | Reached skill level 1 in Throwing
  1274 | D:2      | Reached skill level 1 in Armour
  1274 | D:2      | Reached skill level 1 in Shields
  1274 | D:2      | Reached skill level 1 in Unarmed Combat
  1274 | D:2      | Reached skill level 1 in Evocations
  1439 | D:2      | Reached XP level 4. HP: 32/32 MP: 8/11
  1591 | D:2      | Noticed Jessica
  1595 | D:2      | Killed Jessica
  1596 | D:2      | Reached skill level 1 in Conjurations
  1596 | D:2      | Reached skill level 1 in Hexes
  1596 | D:2      | Reached skill level 1 in Summonings
  1596 | D:2      | Reached skill level 1 in Necromancy
  1596 | D:2      | Reached skill level 1 in Translocations
  1596 | D:2      | Reached skill level 1 in Fire Magic
  1596 | D:2      | Reached skill level 1 in Ice Magic
  1596 | D:2      | Reached skill level 1 in Air Magic
  1596 | D:2      | Reached skill level 1 in Earth Magic
  1949 | D:3      | Noticed a water moccasin
  1961 | D:3      | Killed a water moccasin
  1962 | D:3      | Reached XP level 5. HP: 27/38 MP: 10/12
  2147 | D:3      | Noticed Ijyb
  2162 | D:3      | Killed Ijyb
  2163 | D:3      | Reached XP level 6. HP: 31/44 MP: 1/14
  2569 | D:3      | Reached skill level 5 in Dodging
  2684 | D:3      | Learned a level 3 spell: Mephitic Cloud
  2973 | D:4      | Found a blossoming altar of Fedhas.
  2983 | D:4      | jfcaron: !whichgod GnVM
  2983 | D:4      | beem: 13 recent wins for GnVM: 4x Ashenzari, 3x Gozag, 2x
                  | Ru, Hepliaklqana, Elyvilon, Okawaru, Vehumet
  3017 | D:4      | HP: 5/44 [gnoll/+0 spear[a gnoll bouda] (4)]
  3017 | D:4      | Slain by a gnoll bouda

Illustrated notes

Levels and vault maps discovered:
D:1:      psy_arrival_terrarium, layout_loops_ring,
          shapermc_ecumenical_altar_mp_urbaneastern,
          chequers_serial_rivers_micro_e, wander_ebering_terrifying_dragon_lair
D:2:      layout_rooms, basic_altar, grunt_ministairs_5, uniq_jessica
D:3:      layout_basic, minmay_randomly_rotated_circles, uniq_ijyb
D:4:      layout_basic, mainiacjoe_overflow_chevrons,
          nicolae_qazlal_general_emergency, gup_sewer_entry_bubbles,
          gammafunk_ghost_grave, dk_noncrumbling_2, guppyfry_early_lair_pool,
          uniq_robin

Skill      XL: |  1  2  3  4  5  6 |
---------------+-------------------+-----
Transmutations | 2 |  2.6
Spellcasting   | 5 |  5.4
Invocations    | 1 2 |  2.2
Fighting       | 1 2 |  2.0
Short Blades   | 1 2 |  2.0
Long Blades    | 1 2 |  2.0
Axes           | 1 2 |  2.0
Maces & Flails | 1 2 |  2.0
Polearms       | 1 2 |  2.0
Staves         | 1 2 |  2.0
Ranged Weapons | 1 2 |  2.0
Throwing       | 1 2 |  2.0
Armour         | 1 2 |  2.0
Shields        | 1 2 |  2.0
Unarmed Combat | 1 2 |  2.0
Evocations     | 1 2 |  2.0
Conjurations   | 1 |  1.5
Hexes          | 1 |  1.5
Summonings     | 1 |  1.5
Necromancy     | 1 |  1.5
Translocations | 1 |  1.5
Fire Magic     | 1 |  1.5
Ice Magic      | 1 |  1.5
Air Magic      | 1 |  1.5
Earth Magic    | 1 |  1.5
Dodging        | 5 |  5.0
Stealth        | |  4.6
Poison Magic   | |  5.6

Action                     |  1- 3 |  4- 6 || total
---------------------------+-------+-------++-------
  Melee: Unarmed           |    11 |       ||    11
         Spear             |    24 |       ||    24
         Bite              |     5 |     2 ||     7
         Punch             |     2 |       ||     2
         Dagger            |    19 |    14 ||    33
   Cast: Sting             |    62 |    42 ||   104
         Poisonous Vapours |     1 |    13 ||    14
    Use: Potion            |       |     2 ||     2
         Scroll            |       |     1 ||     1
   Stab: Sleeping          |     1 |       ||     1
 Armour: Robe              |     8 |     6 ||    14
  Dodge: Dodged            |    51 |    23 ||    74

Table legend: (Time is in decaauts)
 A = Elapsed time spent in this place.
 B = Non-inter-level travel time spent in this place.
 C = Inter-level travel time spent in this place.
 D = Time resting spent in this place.
 E = Time spent auto-exploring this place.
 F = Levels seen in this place.
 G = Mean time per level.
                   A        B        C        D        E       F      G
               +--------+--------+--------+--------+--------+-----+--------+
         Total |   3027 |   2861 |    166 |    497 |   1836 |   4 |  756.8 |
       Dungeon |   3027 |   2861 |    166 |    497 |   1836 |   4 |  756.8 |
               +--------+--------+--------+--------+--------+-----+--------+

Top non-repeatable levels by time:
     D:1: 1131 daAuts
     D:3: 1128 daAuts
     D:2: 674 daAuts
     D:4: 92 daAuts

Table legend:
 A = Kills in this place as a percentage of kills in the entire game.
 B = Kills by you in this place as a percentage of kills by you in the entire game.
 C = Kills by friends in this place as a percentage of kills by friends in the entire game.
 D = Other kills in this place as a percentage of other kills in the entire game.
 E = Experience gained in this place as a percentage of experience gained in the entire game.
 F = Experience gained in this place divided by the number of levels of this place that you have seen.
                   A       B       C       D       E      F
               +-------+-------+-------+-------+-------+----------------------
         Total | 100.0 | 100.0 |   N/A |   N/A | 100.0 | 104.8
       Dungeon | 100.0 | 100.0 |   N/A |   N/A | 100.0 | 104.8
               +-------+-------+-------+-------+-------+----------------------

Levels and vault maps discovered:
D:1:      psy_arrival_terrarium, layout_loops_ring,
          shapermc_ecumenical_altar_mp_urbaneastern,
          chequers_serial_rivers_micro_e, wander_ebering_terrifying_dragon_lair
D:2:      layout_rooms, basic_altar, grunt_ministairs_5, uniq_jessica
D:3:      layout_basic, minmay_randomly_rotated_circles, uniq_ijyb
D:4:      layout_basic, mainiacjoe_overflow_chevrons,
          nicolae_qazlal_general_emergency, gup_sewer_entry_bubbles,
          gammafunk_ghost_grave, dk_noncrumbling_2, guppyfry_early_lair_pool,
          uniq_robin
